 Dungeon Crawl Stone Soup version 0.27-a0-1188-g73eefd5def (webtiles) character file.

Game seed: 13428112501298425201

30 siradein the Vexing (level 3, 0/24 HPs)
             Began as a Vampire Enchanter on May 22, 2021.
             Slain by Sigmund
             ... wielding a +1 scythe of venom
              (7 damage)
             ... on level 2 of the Dungeon.
             The game lasted 00:03:51 (1137 turns).

siradein the Vexing (Vampire Enchanter)             Turns: 1137, Time: 00:03:52

Health: 0/24       AC:  3    Str:  7    XL:     3   Next: 3%
Magic:  6/6        EV: 12    Int: 17    God:
Gold:   27         SH:  0    Dex: 15    Spells: 3/6 levels left

rFire    . . .     SeeInvis +   a - +1 dagger
rCold    . . .     Faith    .   (no shield)
rNeg     . . .     Spirit   .   b - +0 robe
rPois    .         Reflect  .   (no helmet)
rElec    .         Harm     .   k - +0 cloak
rCorr    .         Rampage  .   (no gloves)
Will     .....                  (no boots)
Stlth    +++.......             (no amulet)
HPRegen  0.28/turn              (no ring)
MPRegen  0.10/turn              (no ring)

@: healing quickly
A: alive, fangs 3, see invisible, vampiric 2
a: Exsanguinate


You were on level 2 of the Dungeon.
You visited 1 branch of the dungeon, and saw 2 of its levels.

You collected 27 gold pieces.

Inventory:

Hand Weapons
 a - a +1 dagger (weapon)
Missiles
 g - 3 poisoned darts (quivered)
Armour
 b - a +0 robe (worn)
 k - a +0 cloak (worn)
Scrolls
 d - 2 scrolls of identify {unknown}
 f - a scroll of amnesia {unknown}
 i - a scroll of immolation {unknown}
Potions
 c - a potion of invisibility {unknown}
 e - a potion of cancellation {unknown}
 h - a potion of heal wounds {unknown}
 j - a potion of degeneration {unknown}


   Skills:
 * Level 2.7 Short Blades
 - Level 2.1 Dodging
 - Level 4.4 Stealth
 - Level 2.0 Spellcasting
 + Level 5.1 Hexes


You had 3 spell levels left.
You knew the following spells:

 Your Spells              Type           Power      Damage    Failure   Level
a - Corona                Hex            21%        N/A       2%          1
b - Ensorcelled Hibernat  Hex/Ice        20%        N/A       11%         2

Your spell library contained the following spells:

 Spells                   Type           Power      Damage    Failure   Level
 Confusing Touch          Hex            19%        N/A       7%          3
 Tukima's Dance           Hex            19%        N/A       7%          3
 Dazzling Flash           Conj/Hex       20%        N/A       21%         3


Dungeon Overview and Level Annotations

Branches:
Dungeon (2/15)

Altars:

Shops:
D:2 (*

Annotations:
D:2 Sigmund


Innate Abilities, Weirdness & Mutations

Your natural rate of healing is accelerated.
You have razor-sharp teeth.
You have supernaturally acute eyesight. (SInv)
You are afflicted with vampirism and can become a bat while bloodless.


Message History

Press: ? - help, Q - select action, (/) - cycle Shift-Dir - straight line, f/p - Sigmund
Aim: Sigmund, wielding a +1 scythe of venom and wearing a +0 robe (lightly wounded, fast, slightly transparent, poisoned, 53% to hit)
You throw a poisoned dart.
The poisoned dart closely misses Sigmund.
Sigmund barely misses you.
Throw: 8 darts (poison)
Press: ? - help, Q - select action, (/) - cycle Shift-Dir - straight line, f/p - Sigmund
Aim: Sigmund, wielding a +1 scythe of venom and wearing a +0 robe (lightly wounded, fast, slightly transparent, poisoned, 53% to hit)
You throw a poisoned dart.
The poisoned dart barely misses Sigmund.
Sigmund looks more healthy.
Sigmund closely misses you. Sigmund barely misses you.
Throw: 7 darts (poison)
Press: ? - help, Q - select action, (/) - cycle Shift-Dir - straight line, f/p - Sigmund
Aim: Sigmund, wielding a +1 scythe of venom and wearing a +0 robe (lightly wounded, fast, slightly transparent, 53% to hit)
You throw a poisoned dart.
The poisoned dart closely misses Sigmund.
Sigmund points at you and mumbles some strange words.
The puff of flame hits you!
Throw: 6 darts (poison)
Press: ? - help, Q - select action, (/) - cycle Shift-Dir - straight line, f/p - Sigmund
Aim: Sigmund, wielding a +1 scythe of venom and wearing a +0 robe (lightly wounded, fast, slightly transparent, 53% to hit)
You throw a poisoned dart.
The poisoned dart barely misses Sigmund.
Sigmund hits you from afar with a +1 scythe of venom!
* * * LOW HITPOINT WARNING * * *
Sigmund barely misses you.
Throw: 5 darts (poison)
Press: ? - help, Q - select action, (/) - cycle Shift-Dir - straight line, f/p - Sigmund
Aim: Sigmund, wielding a +1 scythe of venom and wearing a +0 robe (lightly wounded, fast, slightly transparent, 53% to hit)
You throw a poisoned dart.
The poisoned dart closely misses Sigmund.
Sigmund closely misses you.
Throw: 4 darts (poison)
Press: ? - help, Q - select action, (/) - cycle Shift-Dir - straight line, f/p - Sigmund
Aim: Sigmund, wielding a +1 scythe of venom and wearing a +0 robe (lightly wounded, fast, slightly transparent, 53% to hit)
You throw a poisoned dart. The poisoned dart hits Sigmund.
Sigmund is lightly wounded.
Sigmund hits you from afar with a +1 scythe of venom!
You die...

...##.#...# #..
...##.#.#.###.#
#..##.#.......#
...#....#.##..#
...#..........#
...#....##..#.###########
...#....##..#.#..........
...#....##..#............
####....##..#.#.@........
#....###.#...##@..####
...... #.#.#.# ..(#
#...#.# ...# ##..#.# ...#
## #.>..# (..# . . ......
.(.# g# .. ## ..(##. ...
.. w.


You could see Sigmund (fast, invisible).

Vanquished Creatures
  2 dart slugs (D:1)
  2 ball pythons
  3 endoplasms
  A giant cockroach (D:1)
  A goblin (D:2)
  5 hobgoblins
  2 kobolds
  A quokka (D:1)
  3 bats (D:1)
  3 rats
23 creatures vanquished.

Notes
Turn   | Place    | Note
-------+----------+-------------------------------------------
     0 | D:1      | siradein the Vampire Enchanter began the quest for the Orb.
     0 | D:1      | Reached XP level 1. HP: 13/13 MP: 3/3
    88 | D:1      | Found a faded altar of an unknown god.
   258 | D:1      | Reached XP level 2. HP: 19/19 MP: 5/5
   711 | D:1      | Reached skill level 5 in Hexes
   818 | D:1      | Learned a level 2 spell: Ensorcelled Hibernation
   835 | D:2      | Noticed Sigmund
   959 | D:2      | Found Iwas's Weapon Boutique.
  1073 | D:2      | Gained mutation: You are afflicted with vampirism and can
                  | become a bat while bloodless. [Vampire growth]
  1073 | D:2      | Reached XP level 3. HP: 24/24 MP: 6/6
  1075 | D:2      | Found Yziozin's General Store.
  1137 | D:2      | Slain by Sigmund

Illustrated notes

Levels and vault maps discovered:
D:1:      minmay_arrival_semitransparent, layout_basic,
          hellmonk_ecumenical_altar_pennies_from_heaven
D:2:      layout_basic, serial_shops, shop_fountains, nicolae_shop_stone,
          uniq_sigmund

Skill      XL: |  1  2 |
---------------+-------+-----
Short Blades   | 2 |  2.7
Hexes          | 5 |  5.1
Dodging        | |  2.1
Stealth        | |  4.4
Spellcasting   | |  2.0

Action                   || total
-------------------------++-------
Melee: Dagger            ||    78
       Bite              ||     6
Throw: Dart              ||    13
 Cast: Corona            ||     1
 Stab: Sleeping          ||     9
Armor: Robe              ||     9
Dodge: Dodged            ||    45

Table legend: (Time is in decaauts)
 A = Elapsed time spent in this place.
 B = Non-inter-level travel time spent in this place.
 C = Inter-level travel time spent in this place.
 D = Time resting spent in this place.
 E = Time spent auto-exploring this place.
 F = Levels seen in this place.
 G = Mean time per level.
                   A        B        C        D        E       F      G
               +--------+--------+--------+--------+--------+-----+--------+
         Total |   1131 |   1114 |     17 |     68 |    781 |   2 |  565.5 |
       Dungeon |   1131 |   1114 |     17 |     68 |    781 |   2 |  565.5 |
               +--------+--------+--------+--------+--------+-----+--------+

Top non-repeatable levels by time:
     D:1: 943 daAuts
     D:2: 187 daAuts
